 Dungeon Crawl Stone Soup version 0.30-a0-263-ge22c4ad894 (webtiles) character file.

Game seed: 1889563800107196014

1518 notdroid the Cleaver (level 8, -12/69 HPs)
             Began as a Minotaur Fighter on Oct 13, 2022.
             Killed from afar by Dowan (19 damage)
             ... with a shard of ice
             ... on level 7 of the Dungeon.
             The game lasted 00:16:33 (7376 turns).

notdroid the Cleaver (Minotaur Fighter)             Turns: 7376, Time: 00:16:34

Health: -12/69     AC: 11    Str: 22    XL:     8   Next: 54%
Magic:  7/7        EV:  7    Int:  5    God:
Gold:   238        SH: 10    Dex: 11    Spells: 7/7 levels left

rFire   . . .      SeeInvis .    a - +1 war axe
rCold   . . .      Faith    .    c - +0 buckler
rNeg    . . .      Spirit   .    w - +0 chain mail
rPois   .          Reflect  +    (helmet restricted)
rElec   .          Harm     .    (no cloak)
rCorr   .          Rampage  .    (no gloves)
Will    .....                    q - +0 pair of boots
Stlth   ..........               e - amulet of reflection
HPRegen 0.31/turn                (no ring)
MPRegen 0.10/turn                (no ring)

@: attractive
A: horns 2, retaliatory headbutt
a: no special abilities


You were on level 7 of the Dungeon.
You visited 1 branch of the dungeon, and saw 7 of its levels.

You collected 390 gold pieces.
You spent 152 gold pieces at shops.

Inventory:

Hand Weapons
 a - a +1 war axe (weapon)
 z - a +2 vorpal hand axe
Missiles
 p - 5 throwing nets (quivered)
Armour
 c - a +0 buckler (worn)
 q - a +0 pair of boots (worn)
 w - a +0 chain mail (worn)
Jewellery
 e - an amulet of reflection (around neck)
 A - a ring of willpower
Wands
 g - a wand of quicksilver (13)
 u - a wand of mindburst (6)
 v - a wand of flame (17)
Scrolls
 f - a scroll of torment {unknown}
 h - 5 scrolls of enchant weapon
 i - a scroll of silence {unknown}
 j - 2 scrolls of fog
 l - a scroll of poison {unknown}
 n - a scroll of summoning {unknown}
 o - a scroll of magic mapping {unknown}
 r - 2 scrolls of immolation
 s - a scroll of enchant armour {unknown}
 y - a scroll of noise {unknown}
Potions
 b - 3 potions of brilliance
 d - a potion of attraction
 m - a potion of ambrosia {unknown}
 t - a potion of heal wounds {unknown}
 x - a potion of resistance {unknown}
 B - a potion of haste {unknown}


   Skills:
 + Level 5.4 Fighting
 * Level 10.3 Axes
 + Level 6.6 Armour
 + Level 0.2 Stealth
 + Level 5.2 Shields


You had 7 spell levels left.
You didn't know any spells.
Your spell library contained the following spells:

 Spells                   Type           Power      Damage    Failure   Level
 Sting                    Tmut/Pois      0%         1d3       99%         1
 Poisonous Vapours        Pois/Air       0%         N/A       100%        2
 Ignite Poison            Fire/Tmut/Pois 0%         N/A       100%        3
 Kindle Blastsparks       Fire/Tloc/Air  0%         2d10      100%        3
 Olgreb's Toxic Radiance  Pois           0%         N/A       100%        4
 Fireball                 Conj/Fire      0%         3d3       100%        5
 Freezing Cloud           Conj/Ice/Air   0%         6-21      100%        5
 Iskenderun's Battlesphe  Conj           0%         2d6       100%        5
 Conjure Ball Lightning   Conj/Air       0%         3x3d6     100%        6
 Orb of Destruction       Conj           0%         9d5       100%        7


Dungeon Overview and Level Annotations

Branches:
Dungeon (7/15)
 Temple: D:4-7

Altars:
Dithmenos
Fedhas
Kikubaaqudgha
Wu Jian
Xom

Shops:
D:2 *

Annotations:
D:7 Dowan, Maggie


Innate Abilities, Weirdness & Mutations

You have a pair of horns on your head.
You reflexively headbutt those who attack you in melee.


Message History

Duvessa hits you but does no damage. You block Duvessa's attack.
You barely miss Duvessa. You headbutt Duvessa!
Duvessa is severely wounded.
You block Duvessa's attack.
You closely miss Duvessa.
Duvessa is severely wounded.
You block Duvessa's attack. x2
You barely miss Duvessa.
Duvessa is severely wounded.
Duvessa hits you with a +0 rapier!
* * * LOW HITPOINT WARNING * * *
Duvessa barely misses you.
You barely miss Duvessa.
Duvessa is severely wounded.
Duvessa closely misses you.
You slash Duvessa!
You kill Duvessa!
Dowan seems overcome with grief.
Dowan seems to find hidden reserves of power!
You barely miss Dowan. Your headbutt misses Dowan.
Dowan is moderately wounded.
Dowan hits you but does no damage. You block Dowan's attack.
You closely miss Dowan.
Dowan is moderately wounded.
Dowan hits you but does no damage.
Dowan says, "Magic will overcome all!"
Dowan gestures wildly while chanting.
Dowan blinks!
Dowan gestures wildly while chanting.
Dowan blinks!
Dowan is attracted toward you.
Items here: ) ? [ †.
Dowan attacks as you move away! You block Dowan's attack.
Dowan seems less brilliant.
Dowan says, "How can I live without her?"
Dowan hits you but does no damage.
You closely miss Dowan. You headbutt Dowan, but do no damage.
Dowan is moderately wounded.
Dowan points at you and mumbles some strange words.
The shard of ice hits you!!
You die...

####.##.##.#
###.......##.#
#.#
#...@.@......#
#.#
#.#.##.##.##.#
#.#
.............#
#.#
....##.##.####
#§#
♣P...#.##.#
#.#
.P........#
#.#
..♣.....###
#@# .. ..##.#
#e# ## .## #
#.# ## #§# #.#
##§# ##
#..♣~~##
##.PPP~~#
##..♣~~~♣#


You could see Dowan (fast).

Vanquished Creatures
  Duvessa (D:7)
  A black bear (D:6)
  2 ice beasts
  An ogre (D:5)
  A bullfrog (D:5)
  A necrophage (D:4)
  2 scorpions
  A howler monkey (D:5)
  A jelly (D:5)
  2 orc priests (D:6)
  2 hounds
  2 gnoll boudas
  5 iguanas
  Jessica (D:3)
  2 orc wizards
  15 gnolls
  6 adders
  A shadow imp (D:6)
  5 white imps
  5 worms
  2 dart slugs (D:2)
  15 orcs
  6 bats
  10 endoplasms
  5 giant cockroaches
  7 goblins
  5 hobgoblins
  9 jackals
  5 quokkas
  5 ball pythons
  3 frilled lizards
  8 kobolds
  7 rats
144 creatures vanquished.

Vanquished Creatures (others)
  An orc wizard (D:3)
  7 plants (D:7)
  10 withered plants (D:5)
18 creatures vanquished.

Grand Total: 162 creatures vanquished

Notes
Turn   | Place    | Note
-------+----------+-------------------------------------------
     0 | D:1      | notdroid the Minotaur Fighter began the quest for the Orb.
     0 | D:1      | Reached XP level 1. HP: 19/19 MP: 0/0
   262 | D:1      | Reached XP level 2. HP: 27/27 MP: 1/1
   535 | D:1      | Reached skill level 3 in Axes
  1052 | D:1      | Reached XP level 3. HP: 33/33 MP: 2/2
  1500 | D:2      | Found Wearup's Assorted Antiques.
  1577 | D:2      | Found a shadowy altar of Dithmenos.
  2437 | D:2      | Reached XP level 4. HP: 39/40 MP: 3/3
  2463 | D:2      | Reached skill level 4 in Axes
  2785 | D:2      | Bought a potion of might for 76 gold pieces
  2785 | D:2      | Bought a scroll labelled SIUPRE BYCVEM for 19 gold pieces
  2785 | D:2      | Bought a scroll labelled BAIDWE VOS for 19 gold pieces
  2785 | D:2      | Bought a scroll labelled TAEWOMUSHUOR for 19 gold pieces
  2785 | D:2      | Bought a scroll labelled SIUPRE BYCVEM for 19 gold pieces
  3503 | D:3      | Noticed Jessica
  3512 | D:3      | Killed Jessica
  3513 | D:3      | Reached skill level 5 in Armour
  3513 | D:3      | Reached XP level 5. HP: 32/46 MP: 4/4
  4098 | D:4      | Reached skill level 5 in Axes
  4108 | D:4      | Reached XP level 6. HP: 51/52 MP: 5/5
  4174 | D:3      | Reached skill level 6 in Axes
  4563 | D:4      | Found a shimmering altar of Xom.
  4564 | D:4      | Found a blossoming altar of Fedhas.
  4812 | D:5      | Entered Level 5 of the Dungeon
  4872 | D:5      | Found an ancient bone altar of Kikubaaqudgha.
  4990 | D:5      | Reached skill level 7 in Axes
  5123 | D:5      | Noticed an ice beast
  5189 | D:5      | Killed an ice beast
  5190 | D:5      | Reached XP level 7. HP: 52/60 MP: 6/6
  5274 | D:5      | Found an ornate altar of the Wu Jian Council.
  5288 | D:5      | Reached skill level 8 in Axes
  6406 | D:6      | Reached skill level 9 in Axes
  6408 | D:6      | Reached XP level 8. HP: 64/67 MP: 7/7
  6469 | D:6      | Reached skill level 5 in Fighting
  6491 | D:6      | Reached skill level 5 in Shields
  7213 | D:7      | Reached skill level 10 in Axes
  7324 | D:7      | Noticed Maggie
  7355 | D:7      | Noticed Dowan
  7356 | D:7      | Noticed Duvessa
  7371 | D:7      | Killed Duvessa
  7376 | D:7      | Killed from afar by Dowan

Illustrated notes

Levels and vault maps discovered:
D:1:      erik_arrival_orb_chamber, layout_basic, minivault_14, minmay_quantized
D:2:      layout_basic, basic_altar, serial_shops, nicolae_shop_trees,
          nicolae_wormholes
D:3:      layout_loops_ring, uniq_jessica
D:4:      layout_rooms, gammafunk_temple_overflow_statue
D:5:      layout_basic, mainiacjoe_overflow_chevrons, kiku_gazebo_garden_becter,
          hangedman_minor_gate_pass
D:6:      layout_loops_ring, kennysheep_potato
D:7:      layout_loops_ring, grunt_qazlal_clouds,
          nicolae_overflow_hidden_temple, minmay_temple_entry_statues_fountains,
          serial_park_tiny_2, serial_bayou_ford_a, uniq_duvessa,
          uniq_crazy_yiuf_cottage, uniq_maggie

Skill      XL: |  1  2  3  4  5  6  7  8 |
---------------+-------------------------+-----
Fighting       | 4 5 |  5.4
Armour         | 4 5 6 |  6.6
Axes           | 3 4 5 7 9 10 | 10.3
Shields        | 4 5 |  5.2
Stealth        | |  0.2

Action                   |  1- 3 |  4- 6 |  7- 9 || total
-------------------------+-------+-------+-------++-------
Melee: War axe           |    95 |   130 |   101 ||   326
       Headbutt          |    13 |    19 |    20 ||    52
       Unarmed           |       |       |     6 ||     6
  Use: Scroll            |     2 |     4 |     7 ||    13
       Potion            |       |     1 |     3 ||     4
 Stab: Invisible         |       |       |     2 ||     2
Armor: Scale mail        |    33 |    43 |       ||    76
       Chain mail        |       |    22 |    31 ||    53
       Skin              |       |       |     1 ||     1
Dodge: Dodged            |    29 |    50 |    39 ||   118
Block: Buckler           |    45 |    75 |    47 ||   167
       Reflection        |     5 |       |     1 ||     6
       Other             |       |       |     1 ||     1

Table legend: (Time is in decaauts)
 A = Elapsed time spent in this place.
 B = Non-inter-level travel time spent in this place.
 C = Inter-level travel time spent in this place.
 D = Time resting spent in this place.
 E = Time spent auto-exploring this place.
 F = Levels seen in this place.
 G = Mean time per level.
                   A        B        C        D        E       F      G
               +--------+--------+--------+--------+--------+-----+--------+
         Total |   7462 |   6024 |   1438 |    938 |   3766 |   7 | 1066.0 |
       Dungeon |   7462 |   6024 |   1438 |    938 |   3766 |   7 | 1066.0 |
               +--------+--------+--------+--------+--------+-----+--------+

Top non-repeatable levels by time:
     D:2: 1744 daAuts
     D:5: 1570 daAuts
     D:1: 1432 daAuts
     D:3: 1036 daAuts
     D:6: 842 daAuts
     D:4: 671 daAuts
     D:7: 165 daAuts
